 Dungeon Crawl Stone Soup version 0.25-a0-545-ge4db218afc (webtiles) character file.

Game seed: 3946439919919494406, levelgen mode: deterministic

18 Geomchi the Firebug (level 2, -3/15 HPs)
             Began as a Deep Elf Fire Elementalist on Feb 20, 2020.
             Slain by Natasha (6 damage)
             ... on level 1 of the Dungeon.
             The game lasted 00:01:14 (580 turns).

Geomchi the Firebug (Deep Elf Fire Elementalist)     Turns: 580, Time: 00:01:15

Health: -3/15      AC:  2    Str:  5    XL:     2   Next: 48%
Magic:  1/8        EV: 13    Int: 19    God:
Gold:   64         SH:  0    Dex: 15    Spells: 6/7 levels left

rFire    . . .     SeeInvis .   g - +0 dagger
rCold    . . .     Gourm    .   (no shield)
rNeg     . . .     Faith    .   a - +0 robe
rPois    .         Spirit   .   (no helmet)
rElec    .         Reflect  .   (no cloak)
rCorr    .         Harm     .   (no gloves)
MR       .....                  (no boots)
Stlth    ++........             (no amulet)
HPRegen  0.05/turn              (no ring)
MPRegen  0.11/turn              (no ring)

@: very slightly contaminated
A: no striking features
a: no special abilities


You were on level 1 of the Dungeon.
You were not hungry.

You visited 1 branch of the dungeon, and saw 2 of its levels.

You collected 64 gold pieces.

Inventory:

Hand Weapons
 g - a +0 dagger (weapon)
Armour
 a - a +0 robe (worn)
Scrolls
 d - a scroll of amnesia {unknown}
 f - a scroll of magic mapping {unknown}
Potions
 e - a potion of lignification {unknown}
 h - a potion of magic {unknown}
Comestibles
 b - 2 chunks of flesh {@w0}
 c - 4 rations


   Skills:
 + Level 2.8 Dodging
 - Level 2.4 Stealth
 - Level 3.0 Spellcasting
 * Level 2.1 Conjurations
 + Level 3.5 Fire Magic


You had 6 spell levels left.
You knew the following spells:

 Your Spells              Type           Power        Failure   Level  Hunger
a - Foxfire               Conj/Fire      ##..         4%          1    None

Your spell library contained the following spells:

 Spells                   Type           Power        Failure   Level  Hunger
 Conjure Flame            Conj/Fire      ##......     14%         3    ###....
 Inner Flame              Hex/Fire       #.......     22%         3    ###....
 Sticky Flame             Conj/Fire      ##......     43%         4    ####...
 Fireball                 Conj/Fire      ##........   78%         5    ######.


Dungeon Overview and Level Annotations

Branches:
Dungeon (2/15)

Altars:

Annotations:
D:1 Natasha


Message History

Natasha barely misses you.
You climb upwards.
There is a stone staircase leading down here.
You conjure some foxfire!
Natasha claws you.
* * * LOW HITPOINT WARNING * * *
The foxfire hits Natasha.
Natasha wildly gestures.
You feel disoriented. Natasha completely misses you.
You take 1 damage, and have 3/15 hp.
You now have 4/8 mp.
You miscast Foxfire.
You are very lightly contaminated with residual magic.
The air around you crackles with energy!
Natasha barely misses you.
You now have 3/8 mp.
You conjure some foxfire!
Natasha closely misses you.
The foxfire hits Natasha.
Natasha misses you.
You now have 2/8 mp.
You conjure some foxfire!
Natasha claws you.
You die...

.....# #............#
#..#################...........##
.....................#...##(..##
.....################....######
.....# ##..##.# ....)## #..###.#
.##...#### ##.###..# .###..(..##
###.)# #.## .# #.###..# #@h.##
#.# .# #..###.######v### #.# .#
##........#...# #.#
.########......### #.#
.#.............########.###
#########..#####..........#
#.........................#
####..........##..........#
####..........##..........#


You could see Natasha.

Vanquished Creatures
  A dart slug (D:1)
  2 goblins (D:1)
  5 hobgoblins (D:1)
  3 kobolds (D:1)
  2 bats (D:1)
  A frilled lizard (D:1)
  A rat (D:1)
15 creatures vanquished.

Vanquished Creatures (others)
  33 foxfires
33 creatures vanquished.

Grand Total: 48 creatures vanquished

Notes
Turn   | Place    | Note
-------+----------+-------------------------------------------
     0 | D:1      | Geomchi the Deep Elf Fire Elementalist began the quest for
                  | the Orb.
     0 | D:1      | Reached XP level 1. HP: 10/10 MP: 6/6
   181 | D:1      | Reached XP level 2. HP: 15/15 MP: 6/8
   564 | D:2      | Noticed Natasha
   580 | D:1      | Slain by Natasha

Levels and vault maps discovered:
D:1:      giann_horns, layout_rooms
D:2:      layout_basic, kiku_gazebo_pond_becter, nicolae_overflow_crystal_walls,
          grunt_qazlal_sundering, first_ration, uniq_sigmund, uniq_natasha

Skill      XL: |  1  2 |
---------------+-------+-----
Conjurations   | 2 |  2.1
Dodging        | |  2.8
Stealth        | |  2.4
Spellcasting   | |  3.0
Fire Magic     | |  3.5

Action                   || total
-------------------------++-------
Melee: Unarmed           ||     1
 Cast: Foxfire           ||    27
Armor: Robe              ||     1
Dodge: Dodged            ||     7

Table legend:
 A = Non-vault XP
 B = Vault XP
 C = Vault XP percentage of total XP
 D = Non-vault monster count
 E = Vault monster count
 F = Vault count percentage of total count
                 A         B        C        D         E       F
            +---------+---------+-------+---------+---------+-------
      Total |      26 |       0 |   0.0 |      15 |       0 |   0.0
            +---------+---------+-------+---------+---------+-------
        D:1 |      26 |       0 |   0.0 |      15 |       0 |   0.0
            +---------+---------+-------+---------+---------+-------
